Map: Submarine LE

Players

SHARpsHOOT

  • Race: Zerg Zerg
  • League: Diamond
  • Spawn Location: 11:00

ViBE - Winner!

  • Race: Protoss Protoss
  • League: Platinum
  • Spawn Location: 5:00

VOD

Have the link to the VOD?

Description

Time

  • Played on: March 31, 2021, 10:59 p.m.
  • Length: 14:10
Show
View Real Time Build Order
Export as new Build Order

SHARpsHOOT Zerg 

Build Orders: Hatch First, Lurkers, Roach Hydra 

Get SALT Encoding   

  12  0:00  Drone  
  13  0:14  Overlord  
  13  0:21  Drone  
  14  0:33  Drone x2  
  16  0:37  Drone  
  17  0:54  Hatchery  
  16  0:59  Drone  
  17  1:14  Drone  
  17  1:15  Spawning Pool  
  17  1:16  Drone  
  18  1:23  Drone  
  19  1:26  Extractor  
  19  1:30  Drone  
  19  1:42  Drone  
  20  1:52  Overlord  
  20  2:01  Queen  
  20  2:06  Queen  
  20  2:08  Drone x2  
  26  2:17  Drone x2  
  28  2:23  Drone  
  28  2:27  Drone  
  30  2:35  Drone  
  31  2:42  Drone  
  32  2:47  Queen, Drone  
  32  2:51  Lair  
  35  2:52  Drone  
  35  2:55  Overlord  
  36  3:00  Overlord  
  36  3:14  Drone  
  36  3:15  Drone x7  
  44  3:22  Roach Warren, Drone  
  44  3:23  Evolution Chamber  
  43  3:28  Overlord  
  43  3:32  Extractor  
  42  3:35  Extractor  
  42  3:38  Drone  
  42  3:39  Drone  
  43  3:54  Drone  
  43  3:55  Drone x2  
  46  3:58  Drone  
  49  4:02  Roach  
  49  4:03  Roach x5  
  59  4:11  Hatchery  
  58  4:17  Drone  
  58  4:18  Drone  
  60  4:30  Overlord x2  
  60  4:31  Glial Reconstitution  
  60  4:33  Zerg Missile Weapons Level 1  
  60  4:38  Hydralisk Den  
  59  4:39  Extractor  
  59  4:40  Overlord x2  
  58  4:50  Drone x5  
  58  4:51  Drone  
  64  5:04  Drone x3  
  67  5:08  Grooved Spines  
  67  5:09  Overlord  
  67  5:18  Drone x2  
  69  5:32  Drone x5  
  69  5:33  Drone x4  
  69  5:35  Drone  
  79  5:39  Queen  
  81  5:49  Hydralisk  
  81  5:50  Hydralisk x2  
  81  5:56  Drone x3  
  90  6:02  Extractor  
  89  6:05  Extractor  
  89  6:09  Hydralisk  
  89  6:10  Hydralisk x4  
  98  6:12  Overlord x3  
  98  6:13  Hatchery  
  97  6:20  Drone x3  
  97  6:21  Drone x2  
  97  6:22  Drone, Evolution Chamber  
  102  6:28  Zerg Ground Armor Level 1  
  102  6:32  Drone x3  
  105  6:40  Hydralisk  
  105  6:41  Hydralisk x2  
  111  7:12  Drone x6  
  111  7:13  Drone x3  
  120  7:17  Zerg Missile Weapons Level 2  
  120  7:22  Hydralisk x4  
  124  7:23  Infestation Pit  
  124  7:25  Roach x2  
  124  7:26  Roach x2  
  135  7:37  Drone  
  135  7:38  Overlord  
  135  7:39  Overlord x4  
  135  7:43  Muscular Augments  
  136  7:51  Extractor  
  135  7:52  Extractor  
  135  7:53  Drone x2  
  137  7:58  Drone x3  
  137  7:59  Drone x3  
  137  8:01  Roach x5  
  137  8:02  Roach x2  
  137  8:04  Overseer x2  
  137  8:05  Overseer  
  156  8:09  Hydralisk  
  158  8:28  Hatchery  
  158  8:30  Drone  
  158  8:32  Hydralisk  
  158  8:33  Overlord x3  
  160  8:34  Hydralisk x4  
  160  8:35  Hydralisk x4  
  160  8:40  Hive  
  176  8:44  Lurker Den  
  176  8:45  Overlord x2  
  175  9:02  Hydralisk  
  175  9:03  Hydralisk x10  
  175  9:04  Hydralisk  
  199  9:26  Overlord x3  
  158  10:41  Hydralisk Den  
  144  10:51  Roach Warren  
  144  10:52  Hatchery  
  144  10:56  Spawning Pool  
  138  11:00  Hydralisk x4  
  138  11:01  Hydralisk x3  
  147  11:20  Lurker x2  
  147  11:21  Lurker x6  
  108  13:22  Hatchery  
Show
View Real Time Build Order
Export as new Build Order

ViBE Protoss - Winner!

Build Orders: 1 Gate Expand, Archon Immortal 

Get SALT Encoding   

  12  0:00  Probe  
  13  0:12  Probe  
  14  0:19  Pylon  
  14  0:24  Probe  
  15  0:37  Probe (Chrono Boost)  
  15  0:38  Gateway  
  16  0:46  Assimilator  
  16  0:48  Probe (Chrono Boost)  
  17  0:53  Probe (Chrono Boost)  
  18  1:03  Probe  
  19  1:15  Probe  
  20  1:27  Nexus, Probe  
  21  1:37  Cybernetics Core  
  21  1:41  Probe  
  22  1:47  Assimilator  
  22  1:53  Probe  
  22  1:54  Pylon  
  23  2:11  Stalker (Chrono Boost)  
  23  2:12  Probe (Chrono Boost)  
  23  2:14  Warp Gate  
  27  2:23  Probe (Chrono Boost)  
  27  2:28  Probe (Chrono Boost)  
  28  2:34  Sentry  
  30  2:39  Probe (Chrono Boost)  
  30  2:42  Probe (Chrono Boost)  
  32  2:46  Gateway  
  32  2:47  Robotics Facility  
  32  2:50  Probe (Chrono Boost)  
  34  2:53  Probe (Chrono Boost)  
  34  2:55  Probe (Chrono Boost)  
  35  3:02  Stalker, Probe  
  38  3:06  Probe  
  39  3:14  Pylon  
  39  3:16  Probe (Chrono Boost)  
  39  3:17  Pylon  
  39  3:18  Probe (Chrono Boost)  
  42  3:30  Probe (Chrono Boost)  
  42  3:32  Probe (Chrono Boost)  
  43  3:34  Probe (Chrono Boost)  
  43  3:36  Pylon  
  43  3:37  Immortal  
  43  3:38  Probe  
  49  3:45  Probe  
  50  3:51  Probe  
  51  3:58  Nexus  
  51  4:00  Pylon  
  51  4:10  Stalker x2  
  51  4:16  Probe x2  
  57  4:20  Assimilator x2  
  57  4:25  Pylon  
  57  4:26  Observer  
  57  4:28  Probe x2  
  60  4:40  Probe x2  
  62  4:52  Pylon, Probe (Chrono Boost)  
  64  4:53  Probe (Chrono Boost)  
  64  4:58  Immortal  
  68  5:00  Stalker x2  
  68  5:04  Probe x2 (Chrono Boost)  
  74  5:07  Twilight Council  
  74  5:08  Forge, Probe x2 (Chrono Boost)  
  74  5:12  Forge  
  76  5:14  Probe  
  76  5:19  Probe  
  78  5:25  Stalker x2, Probe  
  78  5:26  Probe  
  84  5:31  Probe  
  85  5:37  Pylon, Probe, Immortal  
  85  5:38  Probe  
  91  5:43  Probe  
  91  5:46  Gateway  
  91  5:47  Gateway  
  92  5:52  Gateway  
  92  5:56  Probe x3  
  95  5:59  Charge  
  95  6:02  Protoss Ground Armor Level 1 (Chrono Boost)  
  95  6:03  Protoss Ground Weapons Level 1 (Chrono Boost), Assimilator  
  95  6:04  Assimilator  
  95  6:08  Probe x3  
  98  6:12  Templar Archives  
  98  6:16  Pylon  
  98  6:20  Probe x3  
  98  6:24  Immortal  
  105  6:28  Zealot  
  105  6:29  Zealot  
  109  6:34  Probe x3  
  112  6:40  Nexus  
  112  6:44  Pylon  
  112  6:47  Probe x2  
  112  6:48  Pylon, Probe  
  112  6:51  High Templar x2  
  112  6:52  High Templar  
  112  6:53  High Templar  
  123  6:56  Zealot  
  123  6:57  Archon x2  
  125  7:02  Probe x3  
  125  7:05  Pylon  
  128  7:09  Pylon  
  128  7:14  Probe  
  128  7:15  Probe x2  
  131  7:22  Pylon  
  131  7:24  Immortal  
  131  7:25  Zealot x2  
  131  7:26  Pylon, High Templar x2  
  131  7:27  Probe x3  
  131  7:28  Zealot  
  148  7:31  Archon  
  148  7:43  Robotics Facility  
  148  7:46  Gateway  
  148  7:48  Gateway  
  148  7:50  Gateway  
  148  7:51  Zealot x2  
  150  7:53  Zealot  
  150  7:55  Gateway  
  150  7:58  Gateway  
  154  7:59  Assimilator  
  154  8:00  High Templar x2  
  154  8:01  Assimilator  
  154  8:04  Archon  
  158  8:06  Protoss Ground Weapons Level 2 (Chrono Boost), Protoss Ground Armor Level 2 (Chrono Boost)  
  158  8:14  Nexus, Immortal (Chrono Boost)  
  158  8:15  Pylon  
  158  8:18  Pylon  
  162  8:21  Pylon  
  162  8:30  Immortal (Chrono Boost)  
  162  8:31  Zealot x3  
  162  8:32  Zealot  
  174  8:48  Zealot x3  
  174  8:50  Zealot  
  182  9:01  Immortal  
  186  9:11  High Templar x2  
  186  9:12  High Templar x2  
  186  9:14  Zealot  
  186  9:15  Zealot  
  198  9:17  Zealot  
  198  9:19  Archon x2  
  200  9:39  Gateway  
  200  9:40  Gateway  
  200  9:41  Gateway  
  200  9:43  Gateway x2  
  200  9:45  Gateway x2, Immortal x2  
  198  9:48  Gateway x2  
  198  9:51  Gateway  
  188  10:04  Probe x3  
  188  10:05  Probe  
  192  10:10  Nexus  
  192  10:13  Pylon  
  192  10:18  Pylon  
  168  10:34  Dark Shrine  
  159  10:37  Cybernetics Core  
  159  10:38  Gateway  
  159  10:40  Gateway  
  159  10:43  Pylon  
  159  10:46  Pylon  
  159  10:47  Pylon  
  159  10:50  Pylon  
  159  10:53  Pylon  
  159  10:56  Pylon  
  145  11:05  Probe x2  
  146  11:19  Probe x2  
  146  11:22  Assimilator x2  
  148  11:27  Gateway x2  
  148  11:29  Gateway x2, Zealot x6  
  148  11:30  Zealot  
  158  11:37  Probe  
  158  11:38  Assimilator  
  158  11:39  Assimilator  
  155  11:58  Nexus  
  155  12:07  Probe x2  
  154  12:26  Pylon  
  145  12:31  Pylon  
  145  12:35  Pylon  
  145  12:48  Pylon  
  145  12:52  Pylon  
  145  13:16  Pylon  
  131  13:20  Pylon  
  131  13:21  Pylon, Probe x2  
  92  13:33  Probe  
  83  13:37  Dark Templar  
  83  13:38  Dark Templar  
  83  13:42  Archon  
  83  13:45  Probe (Chrono Boost)  
  83  13:48  Probe (Chrono Boost)  
  80  13:56  Probe (Chrono Boost)  
  80  13:58  Probe (Chrono Boost)  
Tags
 
Add a new tag
Caveats
  • Supply blocks, unpowered buildings, or Contaminate may cause inaccurate times.
  • Supply counts are checked every 10 seconds.